AoeStats
← JellyGolem

Arena

509505334Analyzed
3v3 RM · 7d ago on Sep 27, 2026· 48m 49s· 6 players
Game mode
Random Map
Map size
Normal (6 player)
Population
200
Speed
Normal
Resources
Standard
Victory
Conquest
Starting age
Dark Age
Ending age
Imperial Age
RankedLock teamsTeams togetherTeam positionsShared explorationLock speedFull tech treeHidden civsTurbo modeCheats
Victory
Defeat
🇨🇦 Danes · Canada
1001
+13
🇨🇦 Japanese · Canada
1001
+13
🇨🇦 Varangians · Canada
967
+14
🇺🇸 Varangians · United States
1003
-16
🇺🇸 Britons · United States
920
-13
🇺🇸 Georgians · United States
867
-30
Leeoku
11:16 Feudal Age
11:49 Double-Bit Axe
14:27 Loom
16:47 Castle Age
14:56 Horse Collar
15:29 Loom
16:41 Gold Mining
21:18 Heavy Plow
22:58 Scale Mail Armor
27:16 Pikeman
28:33 Crossbowman
29:39 Bow Saw
32:53 Stone Mining
33:29 Fletching
36:49 Imperial Age
35:21 Bodkin Arrow
36:15 Wheelbarrow
35:58 Padded Archer Armor
36:03 Elite Skirmisher
37:47 Ballistics
37:52 Bracer
37:17 Capped Ram
39:08 Leather Archer Armor
38:25 Arbalester
41:37 Ring Archer Armor
42:20 Conscription
42:12 Gambesons
41:47 Man-at-Arms
42:48 Chain Mail Armor
42:43 Forging
42:58 Long Swordsman
45:08 Chemistry
45:33 Plate Mail Armor
45:39 Iron Casting
48:32 Two-Man Saw
48:46 Masonry
48:33 Two-Handed Swordsman
50:17 Blast Furnace
Sinister Monster
11:57 Feudal Age
14:09 Double-Bit Axe
14:52 Loom
17:50 Castle Age
15:55 Horse Collar
17:06 Forging
17:13 Gold Mining
17:34 Stone Mining
18:16 Scale Mail Armor
18:35 Gambesons
22:18 Squires
24:14 Iron Casting
24:29 Fletching
27:23 Wheelbarrow
27:52 Bow Saw
27:55 Heavy Plow
29:25 Chain Mail Armor
29:00 Arson
36:36 Imperial Age
33:54 Town Watch
38:09 Gothikon
39:11 Conscription
39:29 Crop Rotation
40:27 Two-Man Saw
40:41 Blast Furnace
40:11 Plate Mail Armor
39:47 Scale Barding Armor
39:38 Bodkin Arrow
41:15 Hand Cart
40:53 Elite Jarl
41:24 Elite Varangian Guard
42:04 Elite Jarl
44:32 Chain Barding Armor
44:14 Bracer
46:35 Chemistry
45:56 Ballistics
45:46 Masonry
45:42 Siege Engineers
45:33 Murder Holes
45:18 Treadmill Crane
45:49 Fortified Wall
46:33 Herbal Medicine
47:26 Masonry
47:22 Siege Engineers
47:12 Murder Holes
47:38 Ballistics
49:28 Coinage
49:10 Guilds
Cavil
11:46 Feudal Age
12:16 Double-Bit Axe
16:31 Castle Age
14:49 Gold Mining
15:19 Horse Collar
17:02 Scale Mail Armor
21:29 Forging
22:17 Arson
26:40 Chain Mail Armor
29:51 Iron Casting
29:28 Pikeman
31:44 Heavy Plow
32:24 Wheelbarrow
34:23 Squires
35:21 Bow Saw
39:19 Imperial Age
36:36 Loom
38:28 Hamask
40:14 Hand Cart
40:24 Conscription
40:58 Elite Jomsviking
42:45 Blast Furnace
43:04 Plate Mail Armor
43:14 Siege Engineers
42:56 Onager
45:49 Northmen's Fury
48:03 Siege Onager
JellyGolem
10:05 Feudal Age
10:47 Double-Bit Axe
10:44 Horse Collar
10:57 Gold Mining
13:10 Wheelbarrow
13:58 Loom
17:58 Castle Age
16:26 Fletching
17:40 Stone Mining
18:41 Bodkin Arrow
19:00 Heavy Plow
19:12 Bow Saw
21:23 Hand Cart
22:46 Gold Shaft Mining
23:44 Man-at-Arms
24:31 Long Swordsman
26:20 Scale Mail Armor
26:31 Forging
26:26 Murder Holes
27:50 Gambesons
28:11 Squires
28:23 Treadmill Crane
30:01 Chain Mail Armor
29:33 Town Watch
32:34 Ballistics
33:06 Masonry
32:59 Town Patrol
33:44 Padded Archer Armor
34:21 Iron Casting
34:43 Leather Archer Armor
38:05 Yeomen
38:12 Yeomen
41:11 Imperial Age
39:21 Iron Casting
41:16 Two-Handed Swordsman
42:00 Bracer
42:31 Champion
44:22 Conscription
45:06 Blast Furnace
45:09 Scale Barding Armor
45:37 Plate Mail Armor
44:45 Elite Longbowman
47:35 Two-Man Saw
Shade_Blade_
10:58 Feudal Age
11:33 Double-Bit Axe
11:33 Horse Collar
20:01 Castle Age
20:09 Fletching
20:25 Scale Barding Armor
22:22 Bodkin Arrow
25:00 Wheelbarrow
25:51 Bow Saw
25:45 Heavy Plow
26:27 Wheelbarrow
28:15 Loom
32:06 Murder Holes
mmill105
10:43 Feudal Age
11:41 Double-Bit Axe
13:22 Wheelbarrow
14:40 Horse Collar
17:15 Bloodlines
22:12 Castle Age
20:17 Gold Mining
21:46 Scale Barding Armor
21:52 Forging
22:02 Fletching
22:09 Stone Mining
23:45 Hand Cart
23:07 Light Cavalry
28:19 Bow Saw
29:10 Loom
30:46 Stone Shaft Mining
32:05 Gambesons
32:20 Squires
36:53 Pikeman
37:01 Elite Skirmisher
42:00 Imperial Age
39:45 Murder Holes
40:01 Fortified Wall
41:36 Husbandry
42:01 Padded Archer Armor
42:49 Iron Casting
42:29 Town Watch
44:26 Heavy Mounted Crossbowman
Connection lost

Rejoining the realm…

Still unreachable

The connection could not be restored.

Session expired

The server has moved on; the page needs a fresh start.